General information
- name: BNet
- type: Ladder team game (AT/RT)
- host: Battle.net
- saver: skrt
map: Battleground_LV
- players: 8
- length: 20:40
- speed: Fast
- version: 1.10030 W3XP
- replay type: Public
» download(273 KB)
Players
team 1 (loser)

»
iwannplaynow (
yellow | 115 APM | 2376 actions | 20:34)
4 Shadow Hunter
2 Serpent Ward
2 Healing Wave
» actions
| Assign group hotkey | 44 | |
| Basic commands | 192 | |
| Build / train | 101 | |
| ESC pressed | 14 | |
| Enter build submenu | 45 | |
| Enter hero's abilities submenu | 4 | |
| Give item / drop item | 1 | |
| Right click | 753 | |
| Select / deselect | 422 | |
| Select group hotkey | 610 | |
| Use ability | 190 | |
2376 total
» units
| Peon | 34 | |
| Grunt | 7 | |
| Spirit Walker | 5 | |
| Troll Witch Doctor | 13 | |
| Tauren | 6 | |
65 total
» upgrades
| Reinforced Defenses | 1 | |
| Berserker Strength | 1 | |
| Spirit Walker Training | 2 | |
| Spiked Barricades | 1 | |
| Witch Doctor Training | 2 | |
| Pulverize | 1 | |
| Melee Weapons | 2 | |
10 total
» buildings
| Barracks | 1 | |
| Orc Burrow | 7 | |
| Altar of Storms | 1 | |
| Voodoo Lounge | 1 | |
| Stronghold | 2 | |
| Great Hall | 2 | |
| War Mill | 2 | |
| Tauren Totem | 3 | |
| Fortress | 1 | |
| Spirit Lodge | 2 | |
| Watch Tower | 9 | |
31 total
» build order
00:10 Barracks
00:20 Orc Burrow
00:35 Altar of Storms
01:30 Orc Burrow
01:58 Voodoo Lounge
04:05 Stronghold
04:05 Stronghold
04:32 Great Hall
05:09 Great Hall
05:16 War Mill
06:04 Orc Burrow
06:53 Tauren Totem
07:25 Fortress
07:52 Spirit Lodge
08:19 Watch Tower
08:20 Watch Tower
08:22 Watch Tower
09:47 Watch Tower
10:06 Orc Burrow
10:20 Watch Tower
10:34 Watch Tower
12:08 Watch Tower
12:55 War Mill
14:52 Tauren Totem
15:04 Orc Burrow
15:08 Orc Burrow
15:14 Watch Tower
15:15 Watch Tower
17:23 Spirit Lodge
18:16 Tauren Totem
18:46 Orc Burrow
» items
| Lesser Clarity Potion | 7 | |
| Healing Salve | 2 | |
| Scroll of Speed | 1 | |
| Tiny Great Hall | 2 | |
| Potion of Mana | 2 | |
| Scroll of Town Portal | 2 | |
| Potion of Healing | 1 | |
17 total
olympicman (
red | 73 APM | 1504 actions | 20:27)
6 Tauren Chieftain
3 War Stomp
2 Endurance Aura
1 Reincarnation
» actions
| Assign group hotkey | 26 | |
| Build / train | 71 | |
| Enter build submenu | 10 | |
| Enter hero's abilities submenu | 6 | |
| Give item / drop item | 3 | |
| Right click | 691 | |
| Select / deselect | 227 | |
| Select group hotkey | 412 | |
| Use ability | 58 | |
1504 total
» units
| Peon | 11 | |
| Troll Headhunter/Berserker | 31 | |
| Forest Troll Shadow Priest | 1 | |
43 total
» upgrades
| Armor | 2 | |
| Ranged Weapons | 2 | |
| Troll Regeneration | 1 | |
| Berserker Upgrade | 1 | |
6 total
» buildings
| Orc Burrow | 4 | |
| Altar of Storms | 1 | |
| War Mill | 1 | |
| Barracks | 2 | |
| Voodoo Lounge | 1 | |
| Stronghold | 1 | |
| Fortress | 1 | |
| Great Hall | 1 | |
12 total
» build order
00:08 Orc Burrow
00:15 Altar of Storms
00:40 War Mill
01:07 Barracks
01:51 Orc Burrow
02:28 Orc Burrow
02:48 Barracks
03:14 Voodoo Lounge
06:08 Stronghold
07:37 Orc Burrow
09:18 Fortress
10:46 Great Hall
» items
| Healing Salve | 2 | |
| Lesser Clarity Potion | 2 | |
| Boots of Speed | 1 | |
| Orb of Lightning | 1 | |
| Scroll of Town Portal | 3 | |
| Potion of Healing | 2 | |
| Scroll of Regeneration | 1 | |
| Potion of Mana | 1 | |
13 total
gnazt (
blue | 47 APM | 720 actions | 15:23)
3 Paladin
1 Holy Light
1 Divine Shield
1 Devotion Aura
» actions
| Assign group hotkey | 23 | |
| Build / train | 47 | |
| Enter build submenu | 25 | |
| Enter hero's abilities submenu | 3 | |
| Give item / drop item | 2 | |
| Right click | 233 | |
| Select / deselect | 170 | |
| Select group hotkey | 167 | |
| Use ability | 50 | |
720 total
» units
| Peasant | 7 | |
| Footman | 4 | |
| Rifleman | 14 | |
| Priest | 4 | |
| Sorceress | 3 | |
32 total
» upgrades
| Gunpowder | 2 | |
| Long Rifles | 1 | |
| Armor | 2 | |
| Lumber Harvesting | 1 | |
| Masonry | 1 | |
7 total
» buildings
| Altar of Kings | 1 | |
| Farm | 9 | |
| Scout Tower | 4 | |
| Barracks | 2 | |
| Arcane Tower | 1 | |
| Arcane Vault | 1 | |
| Blacksmith | 1 | |
| Lumber Mill | 1 | |
| Keep | 1 | |
| Arcane Sanctum | 1 | |
| Town Hall | 1 | |
23 total
» build order
00:21 Altar of Kings
00:40 Farm
00:57 Scout Tower
01:19 Barracks
01:28 Barracks
01:43 Farm
02:08 Arcane Tower
02:24 Farm
02:28 Arcane Vault
02:56 Blacksmith
03:08 Farm
04:05 Lumber Mill
04:11 Farm
04:18 Keep
06:56 Arcane Sanctum
08:34 Farm
08:45 Farm
09:23 Farm
10:18 Farm
12:36 Town Hall
12:40 Scout Tower
12:45 Scout Tower
12:48 Scout Tower
» items
| Scroll of Town Portal | 1 | |
| Potion of Healing | 1 | |
2 total

»
ZODZ (
pink | 79 APM | 1636 actions | 20:39)
4 Mountain King
2 Storm Bolt
2 Bash
2 Paladin
1 Holy Light
1 Divine Shield
» actions
| Assign group hotkey | 17 | |
| Basic commands | 14 | |
| Build / train | 64 | |
| Enter build submenu | 23 | |
| Enter hero's abilities submenu | 6 | |
| Give item / drop item | 1 | |
| Right click | 1126 | |
| Select / deselect | 268 | |
| Select group hotkey | 16 | |
| Use ability | 101 | |
1636 total
» units
| Peasant | 10 | |
| Rifleman | 12 | |
| Footman | 1 | |
23 total
» upgrades
| Gunpowder | 2 | |
| Long Rifles | 1 | |
| Masonry | 1 | |
4 total
» buildings
| Farm | 6 | |
| Altar of Kings | 1 | |
| Barracks | 2 | |
| Scout Tower | 7 | |
| Blacksmith | 1 | |
| Arcane Tower | 1 | |
| Keep | 1 | |
| Lumber Mill | 2 | |
| Arcane Vault | 1 | |
| Guard Tower | 6 | |
28 total
» build order
00:55 Farm
01:12 Altar of Kings
01:34 Farm
02:01 Barracks
02:10 Farm
02:22 Scout Tower
02:35 Blacksmith
03:19 Arcane Tower
03:52 Barracks
04:16 Farm
04:34 Farm
04:37 Farm
07:28 Keep
07:30 Scout Tower
07:34 Scout Tower
07:38 Lumber Mill
07:41 Lumber Mill
08:23 Scout Tower
08:24 Scout Tower
09:31 Arcane Vault
09:35 Guard Tower
09:35 Guard Tower
09:39 Scout Tower
10:05 Scout Tower
10:06 Guard Tower
10:07 Guard Tower
12:09 Guard Tower
12:09 Guard Tower
» items
| Scroll of Regeneration | 4 | |
| Lesser Clarity Potion | 7 | |
| Scroll of Town Portal | 4 | |
| Potion of Healing | 1 | |
| Potion of Mana | 1 | |
| Orb of Lightning | 1 | |
| Scroll of Speed | 1 | |
| Healing Salve | 1 | |
20 total
team 2 (winner)

»
hixhix (
purple | 126 APM | 2599 actions | 20:39)
4 Blademaster
2 Wind Walk
2 Critical Strike
2 Shadow Hunter
1 Healing Wave
1 Hex
2 Tauren Chieftain
1 War Stomp
1 Endurance Aura
» actions
| Assign group hotkey | 42 | |
| Basic commands | 167 | |
| Build / train | 79 | |
| Enter build submenu | 21 | |
| Enter hero's abilities submenu | 8 | |
| Give item / drop item | 1 | |
| Remove unit from queue | 3 | |
| Right click | 1247 | |
| Select / deselect | 455 | |
| Select group hotkey | 480 | |
| Use ability | 96 | |
2599 total
» units
| Peon | 9 | |
| Shaman | 7 | |
| Tauren | 5 | |
| Troll Witch Doctor | 1 | |
22 total
» upgrades
| Pulverize | 1 | |
| Shaman Training | 2 | |
| Melee Weapons | 2 | |
| Armor | 2 | |
| Reinforced Defenses | 1 | |
| Witch Doctor Training | 1 | |
9 total
» buildings
| Altar of Storms | 1 | |
| Orc Burrow | 6 | |
| Voodoo Lounge | 2 | |
| War Mill | 1 | |
| Stronghold | 2 | |
| Watch Tower | 5 | |
| Fortress | 1 | |
| Tauren Totem | 2 | |
| Spirit Lodge | 2 | |
22 total
» build order
00:07 Altar of Storms
00:12 Orc Burrow
00:53 Voodoo Lounge
02:11 War Mill
02:26 Stronghold
02:26 Stronghold
03:32 Watch Tower
04:09 Orc Burrow
04:48 Fortress
05:16 Tauren Totem
05:21 Spirit Lodge
06:34 Orc Burrow
07:19 Orc Burrow
15:02 Orc Burrow
15:06 Orc Burrow
15:10 Voodoo Lounge
15:25 Spirit Lodge
16:13 Tauren Totem
16:52 Watch Tower
16:53 Watch Tower
18:07 Watch Tower
18:10 Watch Tower
» items
| Healing Salve | 3 | |
| Lesser Clarity Potion | 7 | |
| Circlet of Nobility | 1 | |
| Boots of Speed | 1 | |
| Orb of Lightning | 3 | |
| Potion of Healing | 6 | |
| Potion of Lesser Invulnerability | 1 | |
| Tiny Great Hall | 1 | |
23 total
do0m_ferret (
orange | 112 APM | 2305 actions | 20:39)
6 Priestess of the Moon
1 Searing Arrows
3 Trueshot Aura
1 Scout
1 Starfall
» actions
| Assign group hotkey | 37 | |
| Basic commands | 221 | |
| Build / train | 66 | |
| Enter build submenu | 15 | |
| Enter hero's abilities submenu | 6 | |
| Give item / drop item | 3 | |
| Remove unit from queue | 1 | |
| Right click | 775 | |
| Select / deselect | 306 | |
| Select group hotkey | 800 | |
| Use ability | 75 | |
2305 total
» units
| Wisp | 19 | |
| Archer | 6 | |
| Huntress | 2 | |
| Dryad | 4 | |
| Forest Troll Shadow Priest | 1 | |
| Druid of the Claw | 5 | |
| Mountain Giant | 2 | |
39 total
» upgrades
| Ultravision | 1 | |
| Abolish Magic | 1 | |
| Strength of the Wild | 2 | |
| Druid of the Claw Training | 2 | |
| Mark of the Claw | 1 | |
| Hardened Skin | 1 | |
| Resistant Skin | 1 | |
| Reinforced Hides | 1 | |
10 total
» buildings
| Altar of Elders | 1 | |
| Moon Well | 5 | |
| Ancient of War | 1 | |
| Ancient of Wonders | 1 | |
| Tree of Ages | 1 | |
| Hunter's Hall | 1 | |
| Ancient of Lore | 3 | |
| Tree of Eternity | 1 | |
| Tree of Life | 1 | |
| Ancient Protector | 1 | |
16 total
» build order
00:14 Altar of Elders
00:22 Moon Well
00:33 Ancient of War
01:28 Moon Well
02:20 Ancient of Wonders
03:09 Tree of Ages
03:13 Moon Well
04:24 Hunter's Hall
04:33 Moon Well
05:43 Ancient of Lore
05:44 Ancient of Lore
06:20 Tree of Eternity
08:21 Moon Well
09:42 Tree of Life
15:20 Ancient Protector
15:26 Ancient of Lore
» items
| Lesser Clarity Potion | 4 | |
| Potion of Healing | 1 | |
| Potion of Lesser Invulnerability | 1 | |
| Scroll of Town Portal | 1 | |
7 total

»
skrt (
teal | 160 APM | 3301 actions | 20:40)
5 Tauren Chieftain
3 War Stomp
2 Endurance Aura
4 Shadow Hunter
2 Hex
2 Healing Wave
3 Naga Sea Witch
2 Frost Arrows
1 Forked Lightning
» actions
| Assign group hotkey | 26 | |
| Basic commands | 242 | |
| Build / train | 81 | |
| ESC pressed | 8 | |
| Enter build submenu | 13 | |
| Enter hero's abilities submenu | 13 | |
| Give item / drop item | 3 | |
| Right click | 1577 | |
| Select / deselect | 655 | |
| Select group hotkey | 552 | |
| Use ability | 131 | |
3301 total
» units
| Peon | 12 | |
| Troll Headhunter/Berserker | 20 | |
| Forest Troll Berserker | 1 | |
33 total
» upgrades
| Ranged Weapons | 3 | |
| Reinforced Defenses | 1 | |
| Armor | 2 | |
| Troll Regeneration | 1 | |
| Berserker Upgrade | 1 | |
8 total
» buildings
| Altar of Storms | 1 | |
| Orc Burrow | 4 | |
| Barracks | 1 | |
| War Mill | 3 | |
| Voodoo Lounge | 1 | |
| Stronghold | 1 | |
| Great Hall | 1 | |
| Fortress | 1 | |
13 total
» build order
00:06 Altar of Storms
00:09 Orc Burrow
00:28 Barracks
01:05 War Mill
01:08 War Mill
01:11 War Mill
02:03 Orc Burrow
02:34 Voodoo Lounge
04:11 Stronghold
05:00 Great Hall
05:11 Orc Burrow
09:59 Fortress
12:46 Orc Burrow
» items
| Healing Salve | 6 | |
| Lesser Clarity Potion | 6 | |
| Scroll of Town Portal | 3 | |
| Potion of Healing | 3 | |
| Potion of Mana | 3 | |
| Tiny Great Hall | 1 | |
| Boots of Speed | 1 | |
23 total
rlourenco (
green | 50 APM | 1036 actions | 20:39)
6 Mountain King
3 Storm Bolt
2 Bash
1 Avatar
» actions
| Assign group hotkey | 34 | |
| Basic commands | 172 | |
| Build / train | 65 | |
| Enter build submenu | 27 | |
| Enter hero's abilities submenu | 6 | |
| Remove unit from queue | 2 | |
| Right click | 207 | |
| Select / deselect | 215 | |
| Select group hotkey | 258 | |
| Use ability | 50 | |
1036 total
» units
| Peasant | 12 | |
| Rifleman | 10 | |
| Mortar Team | 9 | |
31 total
» upgrades
| Gunpowder | 3 | |
| Armor | 1 | |
| Long Rifles | 1 | |
| Fragmentation Shards | 1 | |
| Flare | 1 | |
7 total
» buildings
| Altar of Kings | 1 | |
| Farm | 13 | |
| Blacksmith | 1 | |
| Scout Tower | 3 | |
| Barracks | 1 | |
| Arcane Tower | 3 | |
| Lumber Mill | 1 | |
| Arcane Vault | 1 | |
| Guard Tower | 2 | |
| Keep | 1 | |
| Castle | 1 | |
| Workshop | 2 | |
| Town Hall | 1 | |
31 total
» build order
00:24 Altar of Kings
00:35 Farm
00:37 Farm
01:23 Blacksmith
01:41 Scout Tower
01:53 Barracks
02:18 Arcane Tower
02:18 Arcane Tower
02:18 Arcane Tower
02:25 Lumber Mill
03:01 Farm
03:04 Farm
03:07 Scout Tower
03:14 Scout Tower
03:33 Arcane Vault
04:10 Guard Tower
04:12 Guard Tower
04:44 Keep
05:01 Farm
05:05 Farm
06:50 Farm
07:21 Castle
07:31 Workshop
07:41 Workshop
12:56 Town Hall
14:58 Farm
14:58 Farm
14:58 Farm
15:24 Farm
15:24 Farm
16:17 Farm
» items
| Scroll of Regeneration | 2 | |
| Lesser Clarity Potion | 3 | |
| Scroll of Speed | 1 | |
| Scroll of Town Portal | 2 | |
| Boots of Speed | 1 | |
| Periapt of Vitality | 1 | |
| Potion of Lesser Invulnerability | 1 | |
11 total
Chat log
(01:55 / All) ZODZ: glhf
(05:48 / Allies) skrt: i can see that
(05:59 / Allies) skrt: ur pings r disturbing my rap music
(08:14 / Allies) rlourenco: bv
(08:15 / Allies) rlourenco: b
(08:21 / Allies) skrt: they went 70 food
(09:20 / Allies) skrt: game is full of retards